 Dungeon Crawl Stone Soup version 0.31.0-11-ge490571c62 (webtiles) character file.

Game seed: 7744329818714098963

103390 Marvel the Unseen (level 16, -10/101 (108) HPs)
             Began as an Octopode Shapeshifter on Feb 7, 2024.
             Was a Priest of Trog.
             Killed from afar by Louise (26 damage)
             ... with a bolt of lightning
             ... on level 1 of the Swamp on Feb 8, 2024.
             The game lasted 01:09:35 (24529 turns).

Marvel the Unseen (Octopode Shapeshifter)          Turns: 24529, Time: 01:09:36

HP:   -10/101 (108) AC:  5    Str: 14    XL:     16   Next: 35%
MP:   16/16         EV: 24    Int: 10    God:    Trog [***...]
Gold: 2414          SH:  7    Dex: 19    Spells: 15/15 levels left

rFire   + . .        k - +9 hand axe (chaos)
rCold   . . .        i - +1 buckler
rNeg    . . .        (helmet restricted)
rPois   .            D - amulet of regeneration
rElec   .            j - ring of protection from fire
rCorr   +            m - ring of resist corrosion
SInv    .            f - +5 ring of evasion
Will    +++..        E - +4 ring of protection
Stlth   ++++++++     (no ring)
HPRegen 2.16/turn    (no ring)
MPRegen 0.15/turn    (no ring)
                     (no ring)

%: no passive effects
@: lethally poisoned (-10 -> -11), maw-form, strong-willed, regenerating,
studying Stealth, drained
A: devouring maw, almost no armour, amphibious, 8 rings, camouflage 1,
gelatinous body 1, (nimble swimmer 1), tentacles, dopey 1, screaming 2
a: Begin Untransformation, Renounce Religion, Berserk, Trog's Hand


You were on level 1 of the Swamp.
You worshipped Trog.
Trog was most pleased with you.
You were a creature with a mouth for a stomach.
You visited 5 branches of the dungeon, and saw 24 of its levels.
You also visited: Sewer.

You collected 2414 gold pieces.

Inventory:

Hand Weapons
 k - a +9 hand axe of chaos (weapon)
 p - the +6 mace of Fawain {freeze, Dex+4}
   (You found it on level 8 of the Dungeon)

   Dex+4:     It affects your dexterity (+4).
 B - a +0 short sword of flaming
Missiles
 A - 23 poisoned darts (quivered)
 S - 10 boomerangs
 T - 7 javelins
 Y - a throwing net
Armour
 i - a +1 buckler (worn)
Jewellery
 f - a +5 ring of evasion (on tentacle)
 j - a ring of protection from fire (left tentacle)
 m - a ring of resist corrosion (right tentacle)
 n - an amulet of the acrobat
 D - an amulet of regeneration (around mantle)
 E - a +4 ring of protection (on tentacle)
 V - an amulet of guardian spirit
Talismans
 b - a beast talisman
 c - a flux talisman
 y - a serpent talisman
 G - a storm talisman
 K - a talisman of death
 Z - a maw talisman (active)
Wands
 h - a wand of roots (4)
 C - a wand of mindburst (26)
 I - a wand of acid (16)
 L - a wand of charming (2)
 P - a wand of flame (28)
 R - a wand of polymorph (9)
Scrolls
 d - 13 scrolls of identify
 l - 2 scrolls of butterflies
 o - 4 scrolls of fog
 r - a scroll of fear
 v - 6 scrolls of teleportation
 w - 3 scrolls of enchant armour
 M - 5 scrolls of enchant weapon
 O - 3 scrolls of torment
 Q - a scroll of revelation
 X - a scroll of vulnerability
Potions
 a - 2 potions of lignification
 e - 4 potions of magic
 g - 2 potions of haste
 s - 3 potions of curing
 t - 4 potions of enlightenment
 u - a potion of cancellation
 x - 3 potions of might
 z - a potion of ambrosia
 F - a potion of heal wounds
 H - a potion of berserk rage
 J - 2 potions of invisibility
 N - 2 potions of resistance
Miscellaneous
 q - a phantom mirror
 W - a lightning rod (4/4)


   Skills:
 + Level 9.3 Fighting
 + Level 0.6 Short Blades
 + Level 14.0 Axes
 + Level 1.0(9.1) Maces & Flails
 + Level 3.2 Throwing
 + Level 10.4 Dodging
 + Level 19.2 Stealth
 + Level 7.4 Shields
 + Level 6.4 Unarmed Combat
 * Level 14.1 Shapeshifting


You had 15 spell levels left.
You didn't know any spells.
Your spell library contained the following spells:

 Spells                   Type           Power      Damage    Failure   Level
 Shock                    Conj/Air       0%         1d3       43%         1
 Fugue of the Fallen      Necr           0%         N/A       82%         3
 Ozocubu's Armour         Ice            0%         N/A       82%         3
 Swiftness                Air            0%         N/A       82%         3
 Tukima's Dance           Hex            0%         N/A       82%         3
 Airstrike                Air            0%         2d(0-16)  99%         4
 Manifold Assault         Tloc           0%         N/A       99%         4
 Passage of Golubria      Tloc           0%         N/A       99%         4
 Vhi's Electric Charge    Tloc/Air       0%         N/A       99%         4
 Arcjolt                  Conj/Air       0%         1d10      100%        5
 Yara's Violent Unravell  Hex/Alch       0%         3d3       100%        5
 Maxwell's Capacitive Co  Air            0%         ∞         100%        8


Dungeon Overview and Level Annotations

Branches:
Dungeon (15/15)            Temple (1/1) D:5            Lair (5/5) D:9
  Swamp (1/4) Lair:2       Spider (0/4) Lair:2        Slime (0/5) Lair:4
    Orc (2/2) D:9             Elf (0/3) Orc:2        Vaults (0/5) D:13
 Depths (0/4) D:15          Sewer (visited)

Altars:
Ashenzari
Cheibriados
Dithmenos
Elyvilon
Fedhas
Gozag
Hepliaklqana
Kikubaaqudgha
Makhleb
Nemelex Xobeh
Okawaru
Qazlal
Ru
Sif Muna
Trog
Uskayaw
Vehumet
Wu Jian
Xom
Yredelemnul
Zin
The Shining One
Jiyva

Shops:
D:9 [   D:10 *   D:11 [   D:15 *   Orc:2 *(?:*

Portals:
Abyss: D:14
Trove: D:15 (give +5 demon trident)

Annotations:
D:14 2 transporters, Uummannaq's ghost, journeyman MiFi
D:15 3 runed translucent doors
Swamp:1 Louise


Innate Abilities, Weirdness & Mutations

You are a creature with a mouth for a stomach.
Your midsection houses a second, enormous mouth.
You cannot wear most types of armour.
You are amphibious.
You can wear up to eight rings at the same time.
Your skin changes colour to match your surroundings (Stealth+).
Your rubbery body absorbs attacks. (AC +1, EV +1)
((You are camouflaged when in or above water. (Stealth+)))
You have tentacles for arms and can constrict up to eight enemies at once.
You are dopey. (Int -2)
You frequently scream uncontrollably at your foes.


Message History

A bog body comes into view.
You block Louise's attack. Louise barely misses you.
Louise blocks your ogre's attack. Louise blocks your attack.
You grab Louise. Louise blocks your attack.
You bite Louise!
Louise is lightly wounded.
You constrict Louise.
Louise hits you with a +2 demon trident of venom!
* * * LOW HITPOINT WARNING * * *
You are poisoned.
You hit Louise. You burn Louise. Louise blocks your attack.
Louise is moderately wounded.
You slash the bog body! You constrict Louise, but do no damage.
You feel very sick.
Your ogre hits Louise with a +0 giant club!!
The bog body completely misses you.
You completely miss Louise. Louise blocks your attack.
Louise is heavily wounded.
You hit the bog body. You constrict Louise.
You feel sick. Louise completely misses you. Louise blocks your ogre's attack.
You slash Louise! Louise blocks your attack.
You bite Louise, but do no damage.
Louise is severely wounded.
You barely miss the bog body. You constrict Louise.
You feel sick. The bog body casts a spell at you. The bolt of cold hits you.
* * * LOW HITPOINT WARNING * * *
Louise completely misses you.
You hit Louise. You freeze Louise. You squeeze Louise! You bite Louise.
Louise is almost dead.
You hit the bog body.
The bog body's magic leaks into the air.
You constrict Louise.
You feel sick. Louise blocks your ogre's attack. The bog body misses you.
Louise blocks your attack.
You squeeze Louise. You bite Louise.
Louise is almost dead.
You slash the bog body! You burn the bog body.
You constrict Louise, but do no damage.
You feel sick.
Louise points at you and mumbles some strange words.
The bolt of lightning hits you!!
You die...

≈≈≈≈≈≈.~.♣♣♣##. ..
≈≈≈≈≈≈..♣♣ ♣..# ..
≈≈≈≈≈≈...♣♣♣?.##.
≈≈≈...~...♣♣!.#.#
...~...~~♣♣♣..#.###
....♣♣.~.~.♣......##
♣♣♣♣ ♣.......†.....#
♣♣§♣♣.♣..~...##
♣♣♣♣♣♣♣.~.WO#
♣♣♣~n@.....~
♣.~...~..~.
♣~.~.~.~...
~....~~....
.♣..~...~~.§
♣♣§.~/.......
♣♣.~~.~.§~..


You could see Louise (ally target), a bog body (magic disrupted) and a friendly
ogre (summoned, berserk).

Vanquished Creatures
  Kirke (D:13)
  2 emperor scorpions
  An eleionoma (Lair:2)
  A dire elephant (D:15)
  A spark wasp (D:13)
  Harold (D:10)
  The ghost of lynnlei the Summoner, a journeyman FeSu of Kikubaaqudgha (Lair:4)
  4 ogre magi
  4 catoblepae
  A ghost crab (Swamp:1)
  2 hydras (D:15)
  8 centaur warriors
  15 two-headed ogres
  9 boulder beetles
  An orc high priest (Orc:2)
  10 death yaks
  Urug (D:13)
  3 skeletal warriors (D:14)
  2 deep trolls
  5 deep elf pyromancers
  2 cyclopes (Orc:2)
  2 orc knights
  5 ugly things
  An orc sorcerer (Orc:1)
  5 manticores
  2 meliai
  A guardian serpent (D:14)
  11 elephants
  Joseph (D:8)
  5 black mambas
  A torpor snail (Lair:4)
  2 gargoyles
  7 komodo dragons
  Jeremiah (Lair:1)
  A rime drake (Lair:3)
  14 cane toads
  An unseen horror (D:13)
  A kobold demonologist (D:13)
  A queen bee (shapeshifter) (D:8)
  2 tyrant leeches (Swamp:1)
  A tarantella (Lair:5)
  2 hornets
  11 trolls
  3 polar bears
  Prince Ribbit (D:8)
  4 dream sheep
  17 slime creatures
  2 wraiths
  2 vampires
  A spriggan (Swamp:1)
  A shadow (D:11)
  7 wyverns
  49 yaks
  17 vampire mosquitoes
  4 wargs
  Grum (D:10)
  2 steam dragons
  2 hogs (D:13)
  A swamp worm (Swamp:1)
  2 acid dragons
  13 water moccasins
  2 hornet zombies (D:8)
  22 orc warriors
  3 swamp drakes (Lair:1)
  2 sky beasts
  A black bear (Lair:4)
  A boggart (D:14)
  23 ogres
  21 wolves
  16 centaurs
  2 phantoms
  2 kobold brigands
  8 bullfrogs
  A scorpion (D:5)
  14 wights
  4 killer bees (Lair:2)
  An electric eel (Lair:1)
  16 orc priests
  A bombardier beetle (D:5)
  A gnoll bouda (D:5)
  A hound (D:4)
  9 jellies
  A sleepcap (D:5)
  3 iguanas
  25 orc wizards
  A howler monkey zombie (D:8)
  15 gnolls
  9 adders
  4 river rats (Sewer)
  3 white imps (D:5)
  5 dart slugs
  6 ribbon worms
  87 orcs
  9 bats
  8 endoplasms
  7 giant cockroaches
  16 hobgoblins
  4 jackals
  4 quokkas
  10 ball pythons
  7 frilled lizards
  15 goblins
  25 kobolds
  8 rats
  A butterfly (D:4)
706 creatures vanquished.

Vanquished Creatures (collateral kills)
  2 hydras
  A catoblepas (Lair:5)
  A two-headed ogre (Orc:1)
  2 death yaks (Lair:5)
  A skyshark (Lair:2)
  A swamp dragon (Swamp:1)
  An orc knight (Orc:1)
  A torpor snail (Lair:5)
  A komodo dragon (Lair:2)
  A rime drake (Lair:5)
  A troll (Orc:1)
  A hog (D:13)
  5 yaks (Lair:5)
  A basilisk (Lair:5)
  4 orc warriors
  An ogre (Orc:1)
  A centaur (D:7)
  A scorpion (D:7)
  A wolf zombie (Lair:2)
  An orc priest (Orc:1)
  5 orcs
34 creatures vanquished.

Vanquished Creatures (others)
  A death yak (Lair:3)
  A gnoll zombie (D:8)
2 creatures vanquished.

Grand Total: 742 creatures vanquished

Notes
Turn   | Place    | Note
-------+----------+-------------------------------------------
     0 | D:1      | Marvel the Octopode Shapeshifter began the quest for the
                  | Orb.
     0 | D:1      | Reached XP level 1. HP: 13/13 MP: 1/1
    40 | D:1      | Reached XP level 2. HP: 7/18 MP: 2/2
   308 | D:1      | Reached XP level 3. HP: 15/23 MP: 3/3
   799 | D:2      | Found a faded altar of an unknown god.
  1089 | D:2      | Reached skill level 1 in Stealth
  1168 | D:3      | Reached XP level 4. HP: 27/28 MP: 4/4
  1237 | D:3      | Found a stormy altar of Qazlal.
  1358 | D:3      | Noticed a phantom
  1370 | D:3      | Killed a phantom
  1371 | D:3      | Reached skill level 2 in Stealth
  1371 | D:3      | Reached XP level 5. HP: 20/33 MP: 5/5
  1481 | D:3      | Found a shadowy altar of Dithmenos.
  1757 | D:3      | Found a glowing drain.
  1761 | Sewer    | Entered a sewer
  1857 | Sewer    | Reached XP level 6. HP: 37/38 MP: 6/6
  2036 | Sewer    | Reached skill level 3 in Stealth
  2447 | D:4      | Noticed a sky beast
  2464 | D:4      | HP: 1/38 [sky beast (1)]
  2473 | D:3      | Gained mutation: Your body sometimes deteriorates upon
                  | taking damage. [potion of mutation]
  2473 | D:3      | Gained mutation: You are partially covered in iridescent
                  | scales. (AC +2) [potion of mutation]
  2485 | D:3      | Killed a sky beast
  2486 | D:3      | Reached skill level 5 in Unarmed Combat
  2597 | D:4      | Found a shimmering altar of Xom.
  2654 | D:4      | Reached skill level 4 in Stealth
  2665 | D:5      | Entered Level 5 of the Dungeon
  2763 | D:4      | Reached XP level 7. HP: 31/43 MP: 7/7
  3287 | D:4      | Found a hide-covered altar of Uskayaw.
  3367 | D:4      | Found a basalt altar of Yredelemnul.
  3907 | D:5      | Reached skill level 1 in Shields
  4092 | D:5      | Found an opulent altar of Gozag.
  4157 | D:5      | Found a bloodstained altar of Trog.
  4224 | D:5      | Found a staircase to the Ecumenical Temple.
  4229 | Temple   | Entered the Ecumenical Temple
  4296 | D:5      | Became a worshipper of Trog the Wrathful
  4350 | D:5      | Reached skill level 5 in Stealth
  4350 | D:5      | Reached XP level 8. HP: 15/50 MP: 8/8
  4750 | D:5      | Reached skill level 1 in Axes
  4846 | D:6      | Found a broken altar of Ashenzari.
  4860 | D:6      | Reached skill level 6 in Stealth
  5173 | D:6      | Found a shimmering blue altar of Sif Muna.
  5181 | D:6      | Reached * piety under Trog
  5696 | D:7      | Reached XP level 9. HP: 41/55 MP: 9/9
  5865 | D:7      | Reached skill level 5 in Shapeshifting
  5870 | D:7      | Reached skill level 5 in Dodging
  5970 | D:7      | Found a blossoming altar of Fedhas.
  6027 | D:7      | Noticed a boulder beetle
  6041 | D:7      | Reached skill level 7 in Stealth
  6044 | D:7      | Reached skill level 5 in Axes
  6045 | D:7      | Killed a boulder beetle
  6243 | D:7      | Found a sparkling altar of Nemelex Xobeh.
  6444 | D:8      | Noticed a hornet
  6452 | D:8      | Killed a hornet
  6453 | D:8      | Reached skill level 8 in Stealth
  6453 | D:8      | Reached XP level 10. HP: 57/63 MP: 10/10
  6581 | D:8      | Reached ** piety under Trog
  6906 | D:8      | Identified the +6 mace of Fawain {freeze, Dex+4}
  6930 | D:8      | Reached *** piety under Trog
  6978 | D:8      | Noticed Prince Ribbit
  6981 | D:8      | Killed Prince Ribbit
  6997 | D:8      | Reached skill level 9 in Stealth
  7108 | D:8      | Noticed Joseph
  7122 | D:8      | Killed Joseph
  7585 | D:9      | Found a staircase to the Lair.
  7633 | Lair:1   | Entered Level 1 of the Lair of Beasts
  7633 | Lair:1   | Noticed Jeremiah
  7640 | Lair:1   | Killed Jeremiah
  7829 | Lair:1   | Reached skill level 5 in Fighting
  7830 | Lair:1   | Reached XP level 11. HP: 63/71 MP: 11/11
  7915 | Lair:1   | Reached skill level 10 in Stealth
  8355 | Lair:1   | Reached **** piety under Trog
  8908 | Lair:2   | Noticed a boulder beetle
  8945 | Lair:2   | Killed a boulder beetle
  8946 | Lair:2   | Reached skill level 11 in Stealth
  9052 | Lair:2   | Reached skill level 10 in Axes
  9052 | Lair:2   | Reached XP level 12. HP: 44/79 MP: 12/12
  9057 | Lair:2   | Noticed a skyshark
  9060 | Lair:2   | Killed a skyshark
  9398 | Lair:2   | Noticed an eleionoma
  9399 | Lair:2   | Found a staircase to the Swamp.
  9423 | Lair:2   | Killed an eleionoma
  9872 | Lair:2   | Found a hole to the Spider Nest.
  9885 | Lair:2   | Reached skill level 12 in Stealth
 10978 | Lair:3   | Noticed a death yak
 10979 | Lair:3   | Noticed a death yak
 11009 | Lair:3   | Noticed a death yak
 11012 | Lair:3   | Noticed a death yak
 11012 | Lair:3   | Noticed a death yak
 11020 | Lair:3   | Killed a death yak
 11023 | Lair:3   | Killed a death yak
 11037 | Lair:3   | Killed a death yak
 11038 | Lair:3   | Killed a death yak
 11039 | Lair:3   | Reached skill level 1 in Throwing
 11043 | Lair:3   | Killed a death yak
 11044 | Lair:3   | Reached skill level 5 in Shields
 11662 | Lair:4   | Found a viscous altar of Jiyva.
 11671 | Lair:4   | Found a staircase to the Slime Pits.
 11803 | Lair:4   | Reached skill level 13 in Stealth
 11864 | Lair:4   | Reached XP level 13. HP: 85/85 MP: 13/13
 11866 | Lair:4   | Found a runed translucent gate.
 11867 | Lair:4   | Found a runed translucent gate.
 11868 | Lair:4   | Found a runed translucent gate.
 11868 | Lair:4   | Noticed lynnlei's ghost (journeyman FeSu)
 12645 | D:9      | Reached skill level 14 in Stealth
 12791 | D:9      | Found a staircase to the Orcish Mines.
 12791 | D:9      | Found Walas's Armour Emporium.
 12890 | D:9      | Found a glowing silver altar of Zin.
 12890 | D:9      | Noticed an angel
 12904 | D:9      | Found a white marble altar of Elyvilon.
 12928 | D:9      | Found an ornate altar of the Wu Jian Council.
 12966 | D:9      | Found a sacrificial altar of Ru.
 13048 | D:10     | Entered Level 10 of the Dungeon
 13052 | D:10     | Reached ***** piety under Trog
 13120 | D:10     | Noticed Grum
 13136 | D:10     | Killed Grum
 13477 | D:10     | Noticed Harold
 13485 | D:10     | Killed Harold
 13805 | D:10     | Found Mis Caemp's CLEARANCE SALE!.
 13917 | D:10     | Received a gift from Trog
 14069 | D:11     | Identified the +7 chain mail of Parts Unknown {Dex+6}
 14144 | D:11     | Found Eczel's Antique Armour Shoppe.
 14497 | D:11     | Identified a scroll of acquirement
 14497 | D:11     | Acquired a manual of Stealth
 14736 | D:12     | Reached skill level 15 in Stealth
 15177 | D:13     | Found a gate to the Vaults.
 15257 | D:13     | Noticed Urug
 15280 | D:13     | Killed Urug
 15281 | D:13     | Reached skill level 10 in Shapeshifting
 15444 | D:13     | Reached XP level 14. HP: 86/92 MP: 10/14
 15846 | Lair:4   | Killed lynnlei's ghost
 15847 | Lair:4   | Reached skill level 16 in Stealth
 16004 | Lair:5   | Entered Level 5 of the Lair of Beasts
 17252 | Lair:5   | a catoblepas changed into an emperor scorpion
 17252 | Lair:5   | Noticed an emperor scorpion
 17258 | Lair:5   | Killed an emperor scorpion
 17407 | Lair:5   | Reached skill level 17 in Stealth
 18168 | Orc:1    | Entered Level 1 of the Orcish Mines
 18562 | Orc:2    | Entered Level 2 of the Orcish Mines
 18591 | Orc:1    | Reached XP level 15. HP: 59/99 MP: 8/15
 18939 | Orc:2    | Received a gift from Trog
 18952 | Orc:1    | Reached skill level 18 in Stealth
 19140 | Orc:2    | Found Ufeipp's Assorted Antiques.
 19255 | Orc:2    | Found Qairiek's Book Emporium.
 19263 | Orc:2    | Found Zixelothru's Magic Scroll Shop.
 19398 | Orc:2    | Found Kiapun's Weapon Shoppe.
 19401 | Orc:2    | Found Vihug's Assorted Antiques.
 19427 | Orc:2    | Found a staircase to the Elven Halls.
 19806 | Orc:2    | Lost mutation: You are partially covered in iridescent
                  | scales. (AC +2) [potion of mutation]
 19806 | Orc:2    | Lost mutation: Your body sometimes deteriorates upon taking
                  | damage. [potion of mutation]
 19806 | Orc:2    | Gained mutation: Your spells are a little harder to cast,
                  | but a little more powerful. [potion of mutation]
 19807 | Orc:2    | Lost mutation: Your spells are a little harder to cast, but
                  | a little more powerful. [potion of mutation]
 19807 | Orc:2    | Gained mutation: You are partially covered in iridescent
                  | scales. (AC +2) [potion of mutation]
 19807 | Orc:2    | Gained mutation: Your muscles are strong. (Str +4, Int/Dex
                  | -1) [potion of mutation]
 19808 | Orc:2    | Lost mutation: Your muscles are strong. (Str +4, Int/Dex
                  | -1) [potion of mutation]
 19808 | Orc:2    | Lost mutation: You are partially covered in iridescent
                  | scales. (AC +2) [potion of mutation]
 19808 | Orc:2    | Gained mutation: You have an increased reservoir of magic.
                  | (+10% MP) [potion of mutation]
 19808 | Orc:2    | Gained mutation: Your health recovers twice as slowly from
                  | being drained. [potion of mutation]
 20067 | D:13     | Noticed Kirke
 20083 | D:13     | Noticed a sphinx
 20106 | D:13     | Killed Kirke
 20559 | D:13     | You fall into a shaft and drop 2 floors!
 20559 | D:15     | Entered Level 15 of the Dungeon
 20570 | D:15     | Found Gula's Overcharged Wands.
 20872 | D:15     | Found a runed translucent gate.
 20872 | D:15     | Found a runed translucent gate.
 20872 | D:15     | Found a runed translucent gate.
 20996 | D:14     | Reached skill level 10 in Dodging
 21263 | D:14     | Found a transporter.
 21264 | D:14     | Found a one-way gate to the infinite horrors of the Abyss.
 21264 | D:14     | Noticed an Executioner
 21327 | D:14     | Noticed Uummannaq's ghost (journeyman MiFi)
 21452 | D:14     | Found a transporter.
 21609 | D:14     | Reached XP level 16. HP: 107/107 MP: 12/17
 22750 | D:8      | Lost mutation: You have an increased reservoir of magic.
                  | (+10% MP) [potion of mutation]
 22750 | D:8      | Lost mutation: Your health recovers twice as slowly from
                  | being drained. [potion of mutation]
 22750 | D:8      | Gained mutation: You are dopey. (Int -2) [potion of
                  | mutation]
 22750 | D:8      | Gained mutation: You are partially covered in iridescent
                  | scales. (AC +2) [potion of mutation]
 22750 | D:8      | Gained mutation: You occasionally shout uncontrollably at
                  | your foes. [potion of mutation]
 22750 | D:8      | Gained mutation: You are strong-willed. (Will+) [potion of
                  | mutation]
 22751 | D:8      | Lost mutation: You are partially covered in iridescent
                  | scales. (AC +2) [potion of mutation]
 22751 | D:8      | Lost mutation: You are strong-willed. (Will+) [potion of
                  | mutation]
 22751 | D:8      | Gained mutation: You frequently scream uncontrollably at
                  | your foes. [potion of mutation]
 22946 | D:15     | Reached skill level 19 in Stealth
 23174 | D:15     | Found a staircase to the Depths.
 23189 | D:15     | Found a portal to a secret trove of treasure.
 24443 | Swamp:1  | Entered Level 1 of the Swamp
 24509 | Swamp:1  | Noticed Louise
 24518 | Swamp:1  | Reached skill level 1 in Maces & Flails
 24529 | Swamp:1  | Killed from afar by Louise

Illustrated notes

Levels and vault maps discovered:
D:1:      dpeg_arrival_stonehenge_12_columns, layout_loops_ring
D:2:      layout_rooms, hellmonk_ecumenical_altar_pennies_from_heaven
D:3:      layout_rooms, mainiacjoe_overflow_brackets, grunt_qazlal_clouds,
          mainiacjoe_sewer_entry_somewhere_in_here_2, minmay_misc_feat_iff,
          grunt_ministairs_5, nicolae_underground_beach
D:4:      layout_loops_ring, xom_butterflies,
          mainiacjoe_overflow_six_doors_small, nicolae_uskayaw_dance_hall
D:5:      layout_gridville, marbit_many_paths, grunt_gozag_breadcrumbs,
          minmay_temple_entry_nine_rooms
D:6:      layout_loops_cross, cheibrodos_ashenzari_chains, led_sif_book
D:7:      layout_rooms, lemuel_doored_altar, mainiacjoe_overflow_alcove_4,
          hangedman_minor_gate_pass
D:8:      corexii_shantytown, layout_loops_corners, enter_bailey_3,
          serial_undead, serial_undead_e, serial_undead_b, serial_undead_c,
          serial_undead_d, minmay_radiant, uniq_prince_ribbit1, uniq_joseph
D:9:      layout_cross, zin_angel, nicolae_overflow_two_pavilions,
          nicolae_ru_the_path_less_chosen, orc_david_3
D:10:     layout_loops_ring, nicolae_shop_clearance, uniq_harold, uniq_grum
D:11:     layout_rooms, serial_shops, nicolae_shop_competitors_out_of_business,
          minmay_fractal_squares_diagonal_5
D:12:     layout_rooms
D:13:     layout_long_grid, david_vaults_2, uniq_kirke, uniq_urug
D:14:     layout_loops_ring, gammafunk_ghost_abyssal_escape,
          nrook_guardian_serpent_double
D:15:     hangedman_depths_entry_try_elsewhere_first, layout_stronghold,
          ploomutoo_gammafunk_ghost_potion_laboratory,
          nicolae_trove_entry_diagonal, nicolae_shop_overcharged_wands
Temple:   hellmonk_temple_of_storms
Lair:1:   layout_gridlike, pond, uniq_jeremiah
Lair:2:   layout_loops_ring, alex1729_swamp_entry_worm_eleionoma,
          hellmonk_spider_entry_not_the_bees, gauntlet_entry_generic
Lair:3:   layout_small_grid, infiniplex_staircase_pool, grunt_megastairs_3
Lair:4:   layout_regular_city, nicolae_slime_entry_field_trip,
          gammafunk_ghost_split
Lair:5:   evilmike_catoblepas_cave, layout_small_grid,
          infiniplex_staircase_pool_2
Swamp:1:  layout_falls_marsh, hangedman_swamp_ruin_wall, swamp_pool_1_2,
          nicolae_swamp_bean_lake, wheals_swamp_sinkhole, uniq_louise
Orc:1:    layout_caves, serial_shops, shop
Orc:2:    st_orc_open, layout_caves, serial_shops, shop

Skill      XL: |  1  2  3  4  5  6  7  8  9 10 11 12 13 14 15 16 |
---------------+-------------------------------------------------+-----
Stealth        | 1 2 4 5 6 8 9 11 13 15 17 18 19 | 19.2
Unarmed Combat | 4 5 6 |  6.4
Shapeshifting  | 4 5 6 7 8 10 11 13 14 | 14.1
Dodging        | 3 4 5 6 7 8 9 10 | 10.4
Shields        | 1 2 3 4 5 6 7 |  7.4
Fighting       | 2 4 5 6 7 8 9 |  9.3
Axes           | 4 6 8 10 11 12 13 14 | 14.0
Throwing       | 2 3 |  3.2
Maces & Flails | 1 |  1.0
Short Blades   | |  0.6

Action                     |  1- 3 |  4- 6 |  7- 9 | 10-12 | 13-15 | 16-18 || total
---------------------------+-------+-------+-------+-------+-------+-------++-------
  Melee: Unarmed           |    76 |   118 |    64 |       |       |       ||   258
         Constrict         |    17 |    29 |    43 |    58 |    79 |     8 ||   234
         Tentacles         |    14 |    24 |    50 |   104 |   325 |    62 ||   579
         Punch             |     4 |     4 |    10 |    28 |    71 |    12 ||   129
         Hand axe          |       |       |   136 |   368 |   966 |   179 ||  1649
         Maw               |       |       |       |       |   365 |    95 ||   460
         Short sword       |       |       |       |       |     5 |       ||     5
         Mace              |       |       |       |       |       |     6 ||     6
  Throw: Dart              |       |       |       |    18 |    41 |     7 ||    66
 Invoke: Berserk           |       |       |       |     4 |     2 |     2 ||     8
         Trog's Hand       |       |       |       |     1 |     9 |     2 ||    12
         Brothers in Arms  |       |       |       |       |    12 |     1 ||    13
    Use: Potion            |       |     6 |     3 |     1 |    10 |     6 ||    26
         Scroll            |       |       |    11 |     2 |    16 |     1 ||    30
   Stab: Sleeping          |     6 |    19 |    13 |    37 |    43 |     6 ||   124
         Distracted        |       |       |     1 |     1 |     5 |       ||     7
         Paralysed         |       |       |       |     1 |     7 |     1 ||     9
         Confused          |       |       |       |     5 |    18 |     4 ||    27
         Petrifying        |       |       |       |     1 |     3 |     2 ||     6
         Petrified         |       |       |       |     2 |     4 |     3 ||     9
         Held in net/web   |       |       |       |       |     1 |       ||     1
 Armour: Skin              |    23 |    46 |    80 |   104 |   387 |   106 ||   746
  Dodge: Dodged            |    37 |    65 |   114 |   280 |   739 |   159 ||  1394
  Block: Buckler           |     4 |    16 |    43 |    90 |   279 |    48 ||   480
   Form: Beast             |     1 |       |       |       |       |       ||     1
         Maw               |       |       |       |       |     1 |       ||     1
